 Dungeon Crawl Stone Soup version 0.24-a0-350-g5b3daab8ba (webtiles) character file.

Game seed: 12235211827704381956

241 galech the Covered (level 5, -4/42 HPs)
             Began as a Demonspawn Fighter on May 23, 2019.
             Slain by a gnoll (5 damage)
             ... on level 4 of the Dungeon.
             The game lasted 00:03:14 (3115 turns).

galech the Covered (Demonspawn Fighter)             Turns: 3115, Time: 00:03:15

Health: -4/42      AC:  9    Str: 16 (17) XL:     5   Next: 80%
Magic:  5/5        EV:  7    Int:  6 (9)  God:
Gold:   66         SH:  8    Dex: 10 (13) Spells: 4/4 levels left

rFire    . . .     SeeInvis .   a - +0 war axe
rCold    . . .     Gourm    .   c - +0 shield
rNeg     + . .     Faith    .   l - +2 scale mail {rN+}
rPois    .         Spirit   .   (no helmet)
rElec    .         Reflect  .   (no cloak)
rCorr    .         Harm     .   (no gloves)
MR       .....                  (no boots)
Stlth    ..........             (no amulet)
HPRegen  0.14/turn              (no ring)
MPRegen  0.09/turn              (no ring)

@: no status effects
A: hooves 1
a: no special abilities


You were on level 4 of the Dungeon.
You were not hungry.

You visited 1 branch of the dungeon, and saw 4 of its levels.

You collected 66 gold pieces.

Inventory:

Hand Weapons
 a - a +0 war axe (weapon)
Armour
 c - a +0 shield (worn)
 l - a +2 scale mail of positive energy (worn)
 q - a +0 ring mail of poison resistance
Wands
 r - a wand of iceblast (4)
Scrolls
 b - a scroll of amnesia {unknown}
 e - 2 scrolls of remove curse
 i - 2 scrolls of enchant armour {unknown}
 m - 3 scrolls of teleportation
 n - a scroll of identify {unknown}
 o - a scroll of immolation {unknown}
 p - 2 scrolls of fog {unknown}
Potions
 d - a potion of might
 g - a potion of flight {unknown}
 h - a potion of cancellation {unknown}
 j - a potion of degeneration
 k - a potion of curing
Comestibles
 f - 5 rations


   Skills:
 + Level 3.7 Fighting
 + Level 3.7 Axes
 + Level 3.8 Armour
 + Level 1.0 Dodging
 + Level 3.2 Shields


You had 4 spell levels left.
You didn't know any spells.
Your spell library contained the following spells:

 Spells                   Type           Power        Failure   Level  Hunger
 Animate Skeleton         Necr           N/A          100%        1    ##.....
 Apportation              Tloc           #.....       100%        1    ##.....
 Confusing Touch          Hex            #.....       100%        1    ##.....
 Summon Small Mammal      Summ           #...         100%        1    ##.....


Dungeon Overview and Level Annotations

Branches:
Dungeon (4/15)
 Temple: D:4-7

Altars:


Innate Abilities, Weirdness & Mutations

You have large cloven feet.


Message History

You are too injured to fight recklessly!
You are too injured to fight recklessly!
You are too injured to fight recklessly!
You are too injured to fight recklessly!
You are too injured to fight recklessly!
You are too injured to fight recklessly!
Your shield and scale mail prevent you from hitting the gnoll.
Your kick misses the gnoll.
The gnoll is heavily wounded.
You hit the gnoll.
You feel sick.
You are no longer poisoned.
The gnoll hits you with a +0 flail!
* * * LOW HITPOINT WARNING * * *
The gnoll barely misses you. The gnoll hits you with a +0 flail!
* * * LOW HITPOINT WARNING * * *
You block the gnoll's attack.
You closely miss the gnoll. Your kick misses the gnoll.
The gnoll is heavily wounded.
You hit the gnoll. The gnoll hits you.
You die...

..........#..#........
###.....####.#########
##..........##
#..............#
######.......#.#
#.......#.. ##......#
#.####.$.....#
#..$g@.......#
#...g...........
...............###
####.....#.....#
#.....####### #...:>#
#.....# #.....#


You could see 2 gnolls.

Vanquished Creatures
  An orc priest (D:3)
  A worker ant (D:3)
  6 adders
  5 gnolls
  4 worms
  3 dart slugs
  2 leopard geckos
  6 orcs (D:3)
  6 bats
  A giant cockroach (D:3)
  11 goblins
  3 hobgoblins
  A quokka (D:3)
  2 ball pythons
  3 frilled lizards
  8 kobolds
  4 rats
67 creatures vanquished.

Notes
Turn   | Place    | Note
-------+----------+-------------------------------------------
     0 | D:1      | galech the Demonspawn Fighter began the quest for the Orb.
     0 | D:1      | Reached XP level 1. HP: 18/18 MP: 1/1
   198 | D:1      | Gained mutation: You have large cloven feet. [demonic
                  | ancestry]
   198 | D:1      | Reached XP level 2. HP: 24/24 MP: 2/2
   613 | D:1      | Reached XP level 3. HP: 29/29 MP: 3/3
   841 | D:2      | Found a faded altar of an unknown god.
  1358 | D:2      | Reached XP level 4. HP: 33/36 MP: 4/4
  2052 | D:3      | Reached XP level 5. HP: 42/42 MP: 5/5
  2169 | D:3      | Reached skill level 1 in Dodging
  2475 | D:3      | HP: 2/42 [adder (3)]
  3114 | D:4      | HP: 1/42 [gnoll/+0 flail (10)]
  3115 | D:4      | Slain by a gnoll

Levels and vault maps discovered:
D:1:      eino_arrival_water_star, layout_basic
D:2:      layout_rooms, chequers_ecumenical_altar_island
D:3:      layout_loops_cross, nicolae_overflow_hidden_temple
D:4:      layout_rooms, kennysheep_little_box, first_ration,
          hangedman_decor_opposing

Skill      XL: |  1  2  3  4  5 |
---------------+----------------+-----
Armour         | 3 |  3.8
Shields        | 3 |  3.2
Axes           | 2 3 |  3.7
Dodging        | 1 |  1.0
Fighting       | |  3.7

Action                   |  1- 3 |  4- 6 || total
-------------------------+-------+-------++-------
Melee: War axe           |    85 |   137 ||   222
       Kick              |    11 |    31 ||    42
  Use: Scroll            |       |     2 ||     2
       Potion            |       |     2 ||     2
  Eat: Chunk             |     2 |     5 ||     7
Armor: Scale mail        |    36 |    60 ||    96
Dodge: Dodged            |    17 |    38 ||    55
Block: Shield            |    40 |    82 ||   122

Table legend:
 A = Non-vault XP
 B = Vault XP
 C = Vault XP percentage of total XP
 D = Non-vault monster count
 E = Vault monster count
 F = Vault count percentage of total count
                 A         B        C        D         E       F
            +---------+---------+-------+---------+---------+-------
      Total |     345 |       0 |   0.0 |      67 |       0 |   0.0
            +---------+---------+-------+---------+---------+-------
        D:1 |      46 |       0 |   0.0 |      18 |       0 |   0.0
        D:2 |      73 |       0 |   0.0 |      17 |       0 |   0.0
        D:3 |     199 |       0 |   0.0 |      30 |       0 |   0.0
        D:4 |      27 |       0 |   0.0 |       2 |       0 |   0.0
            +---------+---------+-------+---------+---------+-------
